AoeStats
← Wei-Wei

Black Forest

509883174Analyzed
2v2 RM · 2d ago on Sep 28, 2026· 58m 18s· 4 players
Game mode
Random Map
Map size
Medium (4 player)
Population
200
Speed
Normal
Resources
Standard
Victory
Conquest
Starting age
Dark Age
Ending age
Imperial Age
RankedLock teamsTeams togetherTeam positionsShared explorationLock speedFull tech treeHidden civsTurbo modeCheats
Victory
Defeat
🇹🇼 Jurchens · Taiwan
739
+6
🇹🇼 Slavs · Taiwan
624
+10
🇦🇷 Franks · Argentina
571
-11
🇬🇷 Persians · Greece
389
-5
Dream
16:40 Feudal Age
17:22 Loom
19:10 Wheelbarrow
18:20 Town Watch
18:52 Double-Bit Axe
19:16 Stone Mining
19:51 Gold Mining
20:10 Horse Collar
32:53 Arson
32:29 Man-at-Arms
35:28 Castle Age
35:18 Bloodlines
35:16 Scale Barding Armor
35:12 Scale Mail Armor
35:22 Forging
35:13 Padded Archer Armor
35:04 Fletching
36:00 Town Patrol
36:06 Caravan
36:54 Gold Shaft Mining
36:55 Stone Shaft Mining
36:36 Heavy Plow
36:30 Light Cavalry
37:10 Husbandry
38:09 Hand Cart
39:06 Chain Barding Armor
39:02 Chain Mail Armor
39:23 Iron Casting
38:43 Bodkin Arrow
39:04 Leather Archer Armor
39:56 Coinage
39:51 Bow Saw
43:30 Imperial Age
41:08 Kamandaran
41:35 Pikeman
42:17 Squires
42:03 Gambesons
41:40 Long Swordsman
46:05 Parthian Tactics
45:48 Thumb Ring
47:34 Sappers
48:49 Hoardings
51:07 Conscription
54:18 Crop Rotation
54:52 Two-Man Saw
vrenda09
11:51 Feudal Age
13:22 Wheelbarrow
12:38 Double-Bit Axe
20:49 Castle Age
22:10 Bow Saw
21:56 Stone Mining
21:57 Gold Mining
22:11 Padded Archer Armor
22:02 Fletching
22:12 Scale Mail Armor
27:50 Hand Cart
30:25 Ordonnance Companies
37:39 Imperial Age
37:43 Leather Archer Armor
37:24 Bodkin Arrow
37:50 Forging
37:58 Chain Mail Armor
39:11 Cranequins
41:09 Heavy Mounted Crossbowman
51:50 Plate Mail Armor
51:59 Iron Casting
n26066416
0:30 Loom
12:47 Feudal Age
13:36 Double-Bit Axe
13:49 Horse Collar
14:20 Town Watch
15:11 Wheelbarrow
19:24 Gold Mining
19:28 Stone Mining
22:37 Castle Age
23:52 Caravan
24:29 Squires
25:12 Gold Shaft Mining
24:58 Hand Cart
25:40 Scale Mail Armor
25:51 Forging
25:31 Fletching
25:44 Padded Archer Armor
25:50 Scale Barding Armor
26:55 Bow Saw
27:25 Heavy Plow
31:15 Town Patrol
32:28 Iron Casting
32:09 Chain Mail Armor
31:49 Bodkin Arrow
31:42 Pikeman
34:14 Coinage
36:50 Imperial Age
33:56 Man-at-Arms
34:57 Leather Archer Armor
35:13 Chain Barding Armor
37:02 Bloodlines
36:12 Light Cavalry
36:53 Husbandry
36:37 Elite Skirmisher
37:26 Cavalier
38:27 Detinets
38:23 Crossbowman
40:28 Blast Furnace
39:58 Plate Mail Armor
40:29 Plate Mail Armor
40:08 Heavy Scorpion
41:49 Masonry
42:00 Ballistics
41:36 Murder Holes
41:52 Fortified Wall
41:32 Guard Tower
42:57 Banking
43:47 Onager
46:22 Ring Archer Armor
46:28 Plate Barding Armor
45:17 Capped Ram
47:03 Crop Rotation
47:37 Two-Man Saw
47:30 Siege Engineers
49:25 Hussar
51:49 Elite Boyar
53:54 Chemistry
55:20 Halberdier
Wei-Wei
0:35 Loom
17:40 Feudal Age
22:44 Castle Age
22:38 Horse Collar
22:47 Double-Bit Axe
25:23 Fletching
25:34 Padded Archer Armor
25:55 Bow Saw
25:48 Heavy Plow
28:30 Masonry
28:32 Fortified Wall
31:03 Bodkin Arrow
31:23 Leather Archer Armor
31:19 Forging
32:12 Gold Mining
34:55 Iron Casting
34:26 Scale Barding Armor
39:11 Imperial Age
37:37 Ballistics
37:13 Murder Holes
40:01 Bracer
40:32 Ring Archer Armor
40:39 Conscription
41:57 Chemistry
41:09 Caravan
41:04 Heavy Rocket Cart
42:20 Crop Rotation
42:55 Two-Man Saw
42:34 Gold Shaft Mining
43:39 Siege Engineers
47:32 Thunderclap Bombs
55:30 Elite Iron Pagoda
56:11 Fortified Bastions
58:36 Blast Furnace
57:57 Chain Barding Armor
Connection lost

Rejoining the realm…

Still unreachable

The connection could not be restored.

Session expired

The server has moved on; the page needs a fresh start.